 Dungeon Crawl Stone Soup version 0.25.0-9-g26727b657a (webtiles) character file.

Game seed: 7495495688120499190

1925 Infinimo the Cudgeler (level 8, -3/64 HPs)
             Began as a Demonspawn Berserker on June 20, 2020.
             Was an Elder of Trog.
             Slain by a two-headed ogre
             ... wielding a +0 giant club
              (19 damage)
             ... on level 8 of the Dungeon.
             The game lasted 00:11:03 (9572 turns).

Infinimo the Cudgeler (Demonspawn Berserker)        Turns: 9572, Time: 00:11:03

Health: -3/64      AC:  1    Str: 20    XL:     8   Next: 96%
Magic:  8/8        EV: 14    Int:  8    God:    Trog [****..]
Gold:   351        SH:  4    Dex: 13    Spells: 7/7 levels left

rFire    . . .     SeeInvis .   a - +1 mace (venom)
rCold    . . .     Gourm    .   (no shield)
rNeg     . . .     Faith    +   b - +0 animal skin
rPois    .         Spirit   .   g - +0 helmet
rElec    .         Reflect  .   (no cloak)
rCorr    .         Harm     .   s - +1 pair of gloves
MR       .....                  (no boots)
Stlth    +.........             i - amulet of faith
HPRegen  0.20/turn              t - -4 ring of protection
MPRegen  0.11/turn              (no ring)

@: no status effects
A: claws 2, large bone plates 1, demonic guardian 1, rot immunity
a: Berserk, Trog's Hand, Brothers in Arms, Renounce Religion


You were on level 8 of the Dungeon.
You worshipped Trog.
Trog was greatly pleased with you.
You were not hungry.

You visited 1 branch of the dungeon, and saw 7 of its levels.

You collected 351 gold pieces.

Inventory:

Hand Weapons
 a - a +1 mace of venom (weapon)
Armour
 b - a +0 animal skin (worn)
 g - a +0 helmet (worn)
 s - a +1 pair of gloves (worn)
Jewellery
 i - an amulet of faith (around neck)
 o - a cursed amulet of reflection {unknown}
 t - a -4 ring of protection (left hand)
Scrolls
 k - 2 scrolls of remove curse
 l - 4 scrolls of teleportation
Potions
 d - 3 potions of curing
 e - a potion of mutation {unknown}
 h - 2 potions of brilliance {unknown}
 n - 4 potions of lignification
 u - a potion of degeneration {unknown}
 v - a potion of magic {unknown}
 x - 2 potions of might
Comestibles
 c - 6 rations
 f - 5 chunks of flesh


   Skills:
 + Level 6.0 Fighting
 * Level 7.3 Maces & Flails
 + Level 5.0 Armour
 + Level 5.0 Dodging


You had 7 spell levels left.
You didn't know any spells.
Your spell library was empty.

Dungeon Overview and Level Annotations

Branches:
Dungeon (8/15)
 Temple: D:4-7         Lair: D:8-11

Altars:
Ashenzari
Cheibriados
Okawaru
Sif Muna

Annotations:
D:8 Psyche


Innate Abilities, Weirdness & Mutations

You have very sharp fingernails.
You are partially covered in large bone plates. (SH +4)
A weak demonic guardian rushes to your aid.
You are immune to rotting.


Message History

Your quasit dies!
You start waiting.
The two-headed ogre is too close now for your liking.
You thump the two-headed ogre!
The two-headed ogre looks as sick as possible!
The two-headed ogre is lightly wounded.
The two-headed ogre misses you. You block the two-headed ogre's attack.
You hit the two-headed ogre.
The two-headed ogre looks as sick as possible!
The two-headed ogre is moderately wounded.
The two-headed ogre misses you.
The two-headed ogre hits you with a +0 giant club!
You barely miss the two-headed ogre.
The two-headed ogre is heavily wounded.
You hit the two-headed ogre.
The two-headed ogre is heavily wounded.
The two-headed ogre hits you with a +0 giant club!!
* * * LOW HITPOINT WARNING * * *
The two-headed ogre hits you with a +0 giant club!!
You die...

############
#..........#
#######..........#
#................#
#................#
#.......<........#
#................#
#.(..)...........#
#..............@5#
######
#...(..##.....O###
.....#
#...(..####.##..######
#...... #......#
#.###......##.......
###(#### #.
######..#......# #(#
##.#.....@# #.#
#.#......# #.#
#........# #.#
###O.....#


You could see a two-headed ogre (extremely poisoned) and a friendly shadow imp
(summoned).

Vanquished Creatures
  A wraith (D:6)
  A hungry ghost (D:7)
  2 orc warriors
  An ice beast (D:6)
  2 sky beasts
  2 ogres (D:6)
  2 bullfrogs
  2 scorpions (D:7)
  3 orc wizards (D:6)
  An orc priest (D:6)
  A centaur skeleton (D:6)
  3 hounds (D:5)
  An iguana (D:6)
  4 worker ants
  A killer bee zombie (D:5)
  Robin (D:2)
  7 gnolls
  5 adders
  2 shadow imps
  2 oozes (D:1)
  An adder skeleton (D:5)
  A worm (D:3)
  A dart slug (D:2)
  3 leopard geckos
  14 orcs
  7 giant cockroaches
  18 goblins
  8 hobgoblins
  14 jackals
  12 kobolds
  A quokka (D:7)
  2 ball pythons
  5 bats
  9 frilled lizards
  4 rats
144 creatures vanquished.

Vanquished Creatures (collateral kills)
  Sigmund (D:5)
  A centaur (D:8)
  A bullfrog (D:7)
  An adder (D:7)
  A gnoll (D:7)
5 creatures vanquished.

Grand Total: 149 creatures vanquished

Notes
Turn   | Place    | Note
-------+----------+-------------------------------------------
     0 | D:1      | Infinimo the Demonspawn Berserker began the quest for the
                  | Orb.
     0 | D:1      | Reached XP level 1. HP: 18/18 MP: 1/1
    99 | D:1      | Found a snail-covered altar of Cheibriados.
   527 | D:1      | Gained mutation: You are partially covered in large bone
                  | plates. (SH +4) [demonic ancestry]
   527 | D:1      | Reached XP level 2. HP: 24/24 MP: 2/2
   567 | D:1      | Reached skill level 3 in Maces & Flails
  1532 | D:2      | Gained mutation: You have sharp fingernails. [demonic
                  | ancestry]
  1532 | D:2      | Reached XP level 3. HP: 27/29 MP: 3/3
  2276 | D:2      | Reached ** piety under Trog
  2419 | D:2      | Noticed Robin
  2433 | D:2      | Reached XP level 4. HP: 35/35 MP: 4/4
  2644 | D:2      | Killed Robin
  3858 | D:3      | Reached XP level 5. HP: 40/42 MP: 5/5
  4103 | D:3      | Reached *** piety under Trog
  4156 | D:3      | You fall into a shaft and drop 3 floors!
  4182 | D:6      | Reached skill level 4 in Maces & Flails
  4195 | D:6      | Noticed an ogre
  4202 | D:6      | Killed an ogre
  4247 | D:6      | Gained mutation: You have very sharp fingernails. [demonic
                  | ancestry]
  4247 | D:6      | Reached XP level 6. HP: 32/48 MP: 6/6
  4382 | D:6      | Noticed a wraith
  4396 | D:6      | Killed a wraith
  4467 | D:5      | Entered Level 5 of the Dungeon
  4780 | D:5      | HP: 3/73 [hound (3)]
  4784 | D:5      | Reached skill level 5 in Maces & Flails
  4784 | D:5      | Gained mutation: A weak demonic guardian rushes to your
                  | aid. [demonic ancestry]
  4784 | D:5      | Reached XP level 7. HP: 3/55 MP: 7/7
  4785 | D:5      | HP: 3/82 [poisoned by a worker ant]
  5202 | D:5      | Found a shattered altar of Ashenzari.
  5261 | D:5      | Noticed Sigmund
  5272 | D:5      | Killed Sigmund
  6368 | D:6      | Reached skill level 5 in Fighting
  6480 | D:6      | Found a shimmering blue altar of Sif Muna.
  6499 | D:6      | Gained mutation: You are immune to rotting. [demonic
                  | ancestry]
  6499 | D:6      | Reached XP level 8. HP: 62/62 MP: 8/8
  6503 | D:6      | Reached skill level 6 in Maces & Flails
  6716 | D:6      | Reached **** piety under Trog
  8375 | D:7      | Reached skill level 7 in Maces & Flails
  8823 | D:7      | Reached skill level 5 in Armour
  8823 | D:7      | Reached skill level 5 in Dodging
  9032 | D:7      | Found an iron altar of Okawaru.
  9552 | D:8      | Noticed Psyche
  9552 | D:8      | Noticed a two-headed ogre
  9572 | D:8      | Slain by a two-headed ogre

Illustrated notes

Levels and vault maps discovered:
D:1:      lemuel_arrival_muddy, layout_loops_corners, serial_forest,
          infiniplex_forest_lined_2, infiniplex_forest_straight_4,
          infiniplex_forest_end_2, infiniplex_forest_clump_diagonal,
          cheibriados_altar_1
D:2:      layout_loops_corners, uniq_robin
D:3:      cheibrodos_greedy_goblins, layout_loops_ring, zin_scriptorium,
          first_ration, minmay_close_crescents
D:5:      layout_gridville, kennysheep_mini_moat, uniq_sigmund
D:6:      kennysheep_orc_sif_temple, layout_cave_pods
D:7:      layout_layer_cave, lemuel_doored_altar
D:8:      layout_rooms, nicolae_qazlal_style_of_elements,
          ebering_ghost_funeral_grove, grunt_livestock, minmay_misc_feat_rugged,
          minmay_chambers_of_fives, uniq_psyche

Skill      XL: |  1  2  3  4  5  6  7  8 |
---------------+-------------------------+-----
Dodging        | 2 3 4 5 |  5.0
Maces & Flails | 3 4 5 7 |  7.3
Armour         | 2 3 4 5 |  5.0
Fighting       | 4 5 6 |  6.0

Action                   |  1- 3 |  4- 6 |  7- 9 || total
-------------------------+-------+-------+-------++-------
Melee: Mace              |   142 |   171 |   260 ||   573
Invok: Berserk           |     2 |     6 |    16 ||    24
  Use: Scroll            |       |     3 |     8 ||    11
       Potion            |       |     2 |     2 ||     4
 Stab: Sleeping          |       |     1 |       ||     1
       Distracted        |       |       |     2 ||     2
  Eat: Chunk             |     6 |    12 |    16 ||    34
       Ration            |       |       |     5 ||     5
Armor: Animal skin       |    15 |    41 |    50 ||   106
Dodge: Dodged            |    92 |   132 |   164 ||   388
Block: Other             |    23 |    47 |    33 ||   103
